 Dungeon Crawl Stone Soup version 0.31-a0-365-gcf821cafb2 (webtiles) character file.

Game seed: 5477324773433169683

152680 backslashecho the Severer (level 17, 0/156 HPs)
             Began as a Hill Orc Fighter on July 25, 2023.
             Was the Champion of Dithmenos.
             Slain by Bai Suzhen (6 damage)
             ... on level 4 of the Swamp on July 27, 2023.
             The game lasted 01:28:13 (27981 turns).

backslashecho the Severer (Hill Orc Fighter)       Turns: 27981, Time: 01:28:14

Health: 0/156      AC: 29    Str: 25    XL:     17   Next: 58%
Magic:  26/26      EV:  9    Int: 10    God:    Dithmenos [******]
Gold:   1847       SH: 14    Dex: 12    Spells: 16/16 levels left

rFire   + . .        a - +3 broad axe (venom)
rCold   . . .        c - +2 kite shield {reflect}
rNeg    . . .        E - +2 plate armour {Will+}
rPois   +            o - +1 helmet {SInv}
rElec   .            W - +2 cloak {rCorr}
rCorr   +            k - +0 pair of gloves
SInv    +            H - +1 pair of boots {Stlth+}
Will    ++...        O - amulet of regeneration Stlth
                     A - ring of poison resistance
HPRegen 1.26/turn    X - ring "Tesass" {rF+ Int+2}
MPRegen 0.20/turn

%: reflection
@: mighty, wreathed by umbra
A: no striking features
a: Renounce Religion, Shadow Step, Shadow Form


You were on level 4 of the Swamp.
You worshipped Dithmenos.
Dithmenos was exalted by your worship.
You visited 4 branches of the dungeon, and saw 26 of its levels.
You also visited: Sewer and Gauntlet.

You collected 3126 gold pieces.
You spent 1279 gold pieces at shops.

Inventory:

Hand Weapons
 a - a +3 broad axe of venom (weapon)
 b - a +2 flail of protection
 V - the +10 hand axe of Koteymiv {elec, *Noise Will+++ Str+9 Int-5}
   (You found it on level 13 of the Dungeon)

   Str:       It affects your strength (+9).
   Int:       It affects your intelligence (-5).
   *Noise:    It may make noises in combat.
   Will:      It greatly increases your willpower.
Missiles
 d - 6 curare-tipped darts
 l - 7 silver javelins
 m - 38 poisoned darts (quivered)
 w - 3 throwing nets
Armour
 c - a +2 kite shield of reflection (worn)
 k - a +0 pair of gloves (worn)
 o - a +1 helmet of see invisible (worn)
 E - a +2 plate armour of willpower (worn)
 H - a +1 pair of boots of stealth (worn)
 R - a +1 chain mail of cold resistance
 W - a +2 cloak of preservation (worn)
Jewellery
 e - the ring of Beogh, Flying {rF- rN+++ Will+ Str+5}
   (You found it on level 1 of the Swamp)

   [ring of willpower]

   Str:       It affects your strength (+5).
   rF:        It makes you vulnerable to fire.
   rN:        It renders you almost immune to negative energy.
   Will:      It increases your willpower.
 n - a +4 ring of protection
 A - a ring of poison resistance (left hand)
 O - an amulet of regeneration (around neck)
 T - a ring of flight
 X - the ring "Tesass" (right hand) {rF+ Int+2}
   (You acquired it in a Gauntlet)

   [ring of protection from fire]

   Int:       It affects your intelligence (+2).
   rF:        It protects you from fire.
Wands
 r - a wand of mindburst (36)
 s - a wand of quicksilver (18)
 y - a wand of flame (94)
 B - a wand of paralysis (34)
 P - a wand of digging (10)
 Y - a wand of roots (27)
Scrolls
 i - 6 scrolls of teleportation
 q - a scroll of enchant weapon
 t - 5 scrolls of identify
 z - 3 scrolls of blinking
 D - 3 scrolls of revelation
 J - 5 scrolls of enchant armour
 K - 4 scrolls of poison
 Q - 3 scrolls of fog
 U - 3 scrolls of fear
Potions
 f - 3 potions of mutation
 g - 3 potions of berserk rage
 h - 11 potions of curing
 j - 3 potions of enlightenment
 u - 2 potions of magic
 v - 3 potions of heal wounds
 C - a potion of resistance
 F - 3 potions of invisibility
 G - 3 potions of ambrosia
 I - 3 potions of cancellation
 L - 2 potions of haste
 N - 2 potions of might
Miscellaneous
 x - a sack of spiders
 Z - a phantom mirror (inert)


   Skills:
 - Level 15.1 Fighting
 - Level 18.0 Axes
 * Level 5.2 Throwing
 + Level 15.2 Armour
 - Level 5.0 Dodging
 + Level 12.4 Shields
 - Level 13.0 Invocations
 - Level 13.4 Evocations
 - Level 11.0 Shapeshifting


You had 16 spell levels left.
You didn't know any spells.
Your spell library contained the following spells:

 Spells                   Type           Power      Damage    Failure   Level
 Foxfire                  Conj/Fire      0%         2x1d4     99%         1
 Ensorcelled Hibernation  Hex/Ice        0%         N/A       100%        2
 Passwall                 Tmut/Erth      0%         N/A       100%        2
 Poisonous Vapours        Pois/Air       0%         N/A       100%        2
 Scorch                   Fire           0%         2d5       100%        2
 Frozen Ramparts          Ice            0%         1d1       100%        3
 Gell's Gravitas          Tloc           0%         N/A       100%        3
 Mephitic Cloud           Conj/Pois/Air  0%         N/A       100%        3
 Stone Arrow              Conj/Erth      0%         3d7       100%        3
 Swiftness                Air            0%         N/A       100%        3
 Teleport Other           Tloc           0%         N/A       100%        3
 Vhi's Electric Charge    Tloc/Air       0%         N/A       100%        3
 Animate Armour           Summ/Erth      0%         N/A       100%        4
 Flame Wave               Conj/Fire      0%         2d4       100%        4
 Petrify                  Tmut/Erth      0%         N/A       100%        4
 Arcjolt                  Conj/Air       0%         1d10      100%        5
 Freezing Cloud           Conj/Ice/Air   0%         6-21      100%        5
 Metabolic Englaciation   Hex/Ice        0%         N/A       100%        5
 Summon Forest            Summ/Tloc      0%         N/A       100%        5
 Summon Mana Viper        Hex/Summ       0%         N/A       100%        5
 Dispersal                Tloc           0%         N/A       100%        6
 Eringya's Noxious Bog    Tmut/Pois      0%         4d6       100%        6
 Plasma Beam              Fire/Air       0%         2x1d10    100%        6
 Starburst                Conj/Fire      0%         6d3       100%        6
 Summon Cactus Giant      Summ           0%         N/A       100%        6
 Summon Hydra             Summ           0%         N/A       100%        7
 Lehudib's Crystal Spear  Conj/Erth      0%         10d2      100%        8
 Maxwell's Capacitive Co  Air            0%         ∞         100%        8


Dungeon Overview and Level Annotations

Branches:
Dungeon (15/15)            Temple (0/1) D:7            Lair (5/5) D:8
  Swamp (4/4) Lair:3        Snake (0/4) Lair:2        Slime (0/5) Lair:4
    Orc (2/2) D:10            Elf (0/3) Orc:2        Vaults (0/5) D:13
 Depths (0/4) D:15          Sewer (visited)         Gauntlet (visited)

Altars:
Cheibriados
Dithmenos
Elyvilon
Fedhas
Gozag
Makhleb
Okawaru
Qazlal
Trog
Vehumet
Wu Jian
Xom
Yredelemnul
Zin
The Shining One
Beogh
Jiyva

Shops:
D:5 :   Orc:2 [*:(

Annotations:
D:13 3 runed translucent doors, exclusion: 3 doors, bobarctor's ghost, journeyman TrBe
Swamp:4 Bai Suzhen
Orc:1 3 runed translucent doors, exclusion: obsidian statue, Shard1697's ghost, journeyman DrSh


Message History

Aim: an eight-headed hydra (summoned, umbra)
You reflect the eight-headed hydra with the mirror!
The mirror clouds!
Bai Suzhen is engulfed in a cloud of scalding steam.
You block Bai Suzhen's attack.
Bai Suzhen splashes around in the water.
Your eight-headed hydra bites the eight-headed hydra. x2
Your eight-headed hydra barely misses the eight-headed hydra. x2
Your eight-headed hydra bites the eight-headed hydra!
Your eight-headed hydra bites the eight-headed hydra.
Your eight-headed hydra barely misses the eight-headed hydra.
Your eight-headed hydra bites the eight-headed hydra.
The eight-headed hydra bites you but does no damage. x2
You block the eight-headed hydra's attack. x2
The eight-headed hydra bites you.
The eight-headed hydra closely misses you.
The eight-headed hydra bites you but does no damage.
The eight-headed hydra closely misses you.
The four-headed hydra bites you but does no damage.
The four-headed hydra bites you.
* * * LOW HITPOINT WARNING * * *
The four-headed hydra bites you but does no damage.
The four-headed hydra bites you!
* * * LOW HITPOINT WARNING * * *
You take 15 damage, and have 31/156 hp.
Found a potion of curing.
Your eight-headed hydra barely misses the eight-headed hydra.
Your eight-headed hydra bites the eight-headed hydra! x2
Your eight-headed hydra bites the eight-headed hydra.
Your eight-headed hydra barely misses the eight-headed hydra.
Your eight-headed hydra bites the eight-headed hydra!
Your eight-headed hydra bites the eight-headed hydra.
Your eight-headed hydra bites the eight-headed hydra!
The eight-headed hydra dies!
The eight-headed hydra's corpse disappears in a puff of smoke!
Bai Suzhen inspects her gathered herbal reagents.
You slice Bai Suzhen!!
Bai Suzhen roars in fury and transforms into a fierce dragon!
Bai Suzhen is severely wounded.
You lop one of the four-headed hydra's heads off!
The three-headed hydra grows two more!
You slash the five-headed hydra!
Your shadow hits Bai Suzhen but does no damage.
Your shadow hits the five-headed hydra with a broad axe!
You are engulfed in a thunderstorm.
* * * LOW HITPOINT WARNING * * *
You take 26 damage, and have 6/156 hp.
Bai Suzhen attacks as you move away!
Bai Suzhen bites you but does no damage.
Bai Suzhen claws you.
You die...

(.~♣♣♣♣ ~~#
~♣~.~♣♣.~§# ~♣♣
♣♣~.~~.♣.~#
....♣~..~~~.~.#♣
.~~~..§..!..~~.#
.~~~~~~<~~~~..~#
..~~~~~§§§~...#
[~~~~~D§DD..§~#
~...~~~§§@.~~~♣
.~~~~..~~.~~~~.#
..~~~..~~~~....~~
~♣♣♣♣♣~~~~~~.~..#
♣♣.~~~~~..~!
♣♣.~~~...~~
♣♣♣.....~♣
♣♣~♣.♣♣


You could see Bai Suzhen (clouds, very poisoned, ally target), a five-headed
hydra (summoned) and a friendly eight-headed hydra (summoned, drained).

Vanquished Creatures
  3 tentacled monstrosities
  2 thorn hunters (Swamp:3)
  Kirke (Swamp:2)
  Louise (Swamp:2)
  An orc warlord (Orc:2)
  4 ghouls
  3 eleionomae
  A bunyip (Swamp:3)
  A minotaur (Gauntlet)
  A shambling mangrove (Swamp:3)
  Fannar (D:9)
  17 hydras
  An ettin (Orc:2)
  A great orb of eyes (D:13)
  4 fire dragons
  Harold (Lair:2)
  A catoblepas (Lair:5)
  A ghost crab (Swamp:1)
  4 centaur warriors
  2 death knights (D:15)
  10 alligators
  2 dancing weapons (D:13)
  5 tengu warriors
  5 two-headed ogres
  A hell hog (Gauntlet)
  17 death yaks
  3 boulder beetles
  An orc high priest (Orc:2)
  A spriggan berserker (Swamp:3)
  A storm dragon zombie (D:15)
  2 deep elf knights
  5 skeletal warriors
  2 skysharks
  4 spriggan druids
  A deep elf archer (D:13)
  8 bog bodies
  An obsidian statue (Gauntlet)
  A necromancer (D:15)
  2 swamp dragons
  4 deep elf pyromancers
  2 lindwurms
  A phantasmal warrior (D:15)
  A wolf spider (Lair:5)
  4 orc knights
  3 orc sorcerers (Orc:2)
  5 will-o-the-wisps
  An oklob plant (Gauntlet)
  2 elephants (D:13)
  A salamander (shapeshifter) (D:14)
  12 ugly things
  2 manticores (D:13)
  3 cyclopes
  A frost giant skeleton (D:15)
  2 iron dragon skeletons (D:15)
  8 spectral spriggans (Swamp:1)
  5 black mambas
  7 cane toads
  6 torpor snails
  A gargoyle (D:13)
  3 unseen horrors
  15 komodo dragons
  A komodo dragon (shapeshifter) (D:13)
  Psyche (D:8)
  2 kobold demonologists
  3 tengu conjurers
  2 rime drakes
  4 freezing wraiths
  A yaktaur (D:13)
  The ghost of howech the Chopper, an amateur MiBe of Trog (D:7)
  13 tyrant leeches
  4 trolls
  6 polar bears
  8 blink frogs
  Grinder (D:3)
  2 dream sheep (Lair:2)
  19 hornets
  A slime creature (D:13)
  2 jumping spiders (shapeshifter)
  12 spriggans
  4 shadows
  A culicivora (shapeshifter) (D:15)
  2 vampires
  3 wraiths
  Eustachio (D:3)
  A human (Swamp:2)
  3 fire bats (Gauntlet)
  73 yaks
  3 wyverns
  4 vampire mosquitoes
  4 hogs (Swamp:2)
  6 basilisks
  3 steam dragons
  10 swamp worms
  4 nagas (Lair:2)
  8 wargs
  5 acid dragons
  2 hell hounds
  13 water moccasins
  A black bear (D:8)
  17 orc warriors
  2 swamp drakes (Lair:5)
  4 ice beasts (D:8)
  A sky beast (D:6)
  22 wolves
  5 ogres
  A boggart (D:13)
  3 centaurs
  6 kobold brigands
  4 small abominations (Gauntlet)
  15 bullfrogs
  A scorpion (D:5)
  A gnoll sergeant (D:8)
  15 wights
  9 killer bees
  3 electric eels (D:5)
  19 orc priests
  A jelly (D:6)
  2 hounds
  2 gnoll boudas
  A sleepcap (D:7)
  Jessica (D:2)
  9 iguanas
  19 orc wizards
  A boggart simulacrum (D:14)
  8 gnolls (D:8)
  9 adders
  4 river rats (Sewer)
  A white imp (D:7)
  3 worms
  2 dart slugs
  51 orcs
  14 ball pythons
  10 bats
  7 endoplasms
  9 giant cockroaches
  3 goblins (D:2)
  7 hobgoblins
  6 jackals
  A quokka (D:2)
  6 frilled lizards
  31 kobolds
  27 rats
809 creatures vanquished.

Vanquished Creatures (collateral kills)
  An alligator (Swamp:3)
1 creature vanquished.

Vanquished Creatures (others)
  7 bloated husks
  18 foxfires
25 creatures vanquished.

Grand Total: 835 creatures vanquished

Notes
Turn   | Place    | Note
-------+----------+-------------------------------------------
     0 | D:1      | backslashecho the Hill Orc Fighter began the quest for the
                  | Orb.
     0 | D:1      | Reached XP level 1. HP: 19/19 MP: 1/1
   175 | D:1      | Reached skill level 3 in Axes
   187 | D:1      | Reached XP level 2. HP: 21/27 MP: 2/2
   522 | D:1      | Reached XP level 3. HP: 31/33 MP: 3/3
   758 | D:2      | Noticed Jessica
   767 | D:2      | Killed Jessica
   768 | D:2      | Reached skill level 4 in Axes
   768 | D:2      | Reached XP level 4. HP: 40/40 MP: 4/4
   864 | D:2      | Found a shadowy altar of Dithmenos.
   876 | D:2      | Became a worshipper of Dithmenos the Shadowed
   974 | D:2      | Identified the +8 sling "Buipu" {drain, Fly rC+ Will+}
  1127 | D:2      | Reached skill level 1 in Invocations
  1249 | D:2      | Reached * piety under Dithmenos
  1377 | D:2      | Reached XP level 5. HP: 47/47 MP: 5/5
  1680 | D:3      | Found a glowing golden altar of the Shining One.
  1683 | D:3      | Reached skill level 5 in Axes
  1732 | D:3      | Noticed Grinder
  1744 | D:3      | Paralysed by Grinder for 2 turns
  1747 | D:3      | Killed Grinder
  1748 | D:3      | Reached skill level 5 in Fighting
  1748 | D:3      | Reached skill level 6 in Axes
  1748 | D:3      | Reached XP level 6. HP: 44/56 MP: 5/7
  1872 | D:3      | Found a glowing drain.
  1878 | Sewer    | Entered a sewer
  1984 | Sewer    | Reached XP level 7. HP: 60/61 MP: 9/9
  2023 | Sewer    | Reached skill level 5 in Shields
  2055 | Sewer    | Reached ** piety under Dithmenos
  2128 | Sewer    | Reached skill level 7 in Axes
  2607 | D:3      | Found a glowing silver altar of Zin.
  2957 | D:4      | Noticed Eustachio
  2980 | D:3      | Killed Eustachio
  3106 | D:4      | Identified the amulet of Yclyl {Faith +Inv}
  3132 | D:4      | Reached XP level 8. HP: 70/70 MP: 11/11
  3277 | D:4      | Found a radiant altar of Vehumet.
  3339 | D:4      | Reached *** piety under Dithmenos
  3397 | D:4      | Found a blossoming altar of Fedhas.
  3553 | D:5      | Entered Level 5 of the Dungeon
  3677 | D:5      | Found a transporter.
  3693 | D:5      | Found a transporter.
  3703 | D:5      | Found Xeotz's Vocational Training.
  3710 | D:5      | Reached skill level 8 in Axes
  4258 | D:5      | Reached skill level 5 in Invocations
  4326 | D:5      | Found a basalt altar of Yredelemnul.
  4548 | D:6      | Noticed a yak
  4549 | D:6      | Noticed a yak
  4552 | D:6      | Noticed a yak
  4552 | D:6      | Noticed a yak
  4552 | D:6      | Noticed a yak
  4552 | D:6      | Noticed a yak
  4567 | D:5      | Killed a yak
  4568 | D:5      | Reached skill level 9 in Axes
  4573 | D:5      | Killed a yak
  4686 | D:5      | Killed a yak
  4813 | D:5      | Killed a yak
  4814 | D:5      | Reached XP level 9. HP: 77/79 MP: 13/13
  4830 | D:6      | Reached skill level 10 in Axes
  5016 | D:6      | Found a white marble altar of Elyvilon.
  6039 | D:7      | Found a bloodstained altar of Trog.
  6273 | D:7      | Found a runed translucent gate.
  6273 | D:7      | Noticed howech's ghost (amateur MiBe)
  6274 | D:7      | Found a runed translucent gate.
  6274 | D:7      | Identified the +9 plate armour of the Invisible Hand
                  | {Str+3}
  6275 | D:7      | Found a runed translucent gate.
  6441 | D:7      | Found a staircase to the Ecumenical Temple.
  6506 | D:7      | Found a roughly hewn altar of Beogh.
  6551 | D:7      | Killed howech's ghost
  6552 | D:7      | Reached skill level 11 in Axes
  6763 | D:8      | Noticed a polar bear
  6763 | D:8      | Noticed a rime drake
  6765 | D:8      | Noticed a polar bear
  6787 | D:8      | Killed a polar bear
  6788 | D:8      | Reached XP level 10. HP: 79/90 MP: 15/15
  6795 | D:8      | Reached skill level 12 in Axes
  6812 | D:8      | Found a staircase to the Lair.
  7040 | D:8      | Found an ornate altar of the Wu Jian Council.
  7209 | D:8      | Noticed Psyche
  7434 | D:8      | Killed Psyche
  7434 | D:8      | Reached **** piety under Dithmenos
  7749 | D:9      | Reached skill level 13 in Axes
  7906 | D:9      | Noticed a two-headed ogre
  7912 | D:9      | Killed a two-headed ogre
  7913 | D:9      | Reached XP level 11. HP: 84/97 MP: 17/17
  8133 | D:9      | Found a shadowy altar of Dithmenos.
  8149 | D:9      | Reached skill level 14 in Axes
  8282 | D:9      | Reached skill level 5 in Armour
  8298 | D:9      | Noticed a two-headed ogre
  8306 | D:9      | Killed a two-headed ogre
  8394 | D:9      | Reached skill level 10 in Invocations
  8954 | D:10     | Entered Level 10 of the Dungeon
  8970 | D:10     | Reached skill level 15 in Axes
  9056 | D:10     | Found a stormy altar of Qazlal.
  9060 | D:10     | Found an iron altar of Okawaru.
  9063 | D:10     | Found a snail-covered altar of Cheibriados.
  9065 | D:10     | Found a burning altar of Makhleb.
  9099 | D:10     | Noticed a two-headed ogre
  9192 | D:10     | Noticed Fannar
  9454 | D:9      | Killed Fannar
  9573 | D:10     | Killed a two-headed ogre
  9614 | D:10     | Noticed a two-headed ogre
  9630 | D:10     | Killed a two-headed ogre
  9728 | D:10     | Reached skill level 16 in Axes
  9728 | D:10     | Reached XP level 12. HP: 103/104 MP: 20/20
  9915 | D:10     | Found a staircase to the Orcish Mines.
 10162 | D:11     | Reached ***** piety under Dithmenos
 10719 | D:11     | Noticed a two-headed ogre
 10732 | D:11     | Killed a two-headed ogre
 10866 | D:11     | Reached skill level 17 in Axes
 11248 | D:12     | Found a shimmering altar of Xom.
 11254 | D:12     | Identified a scroll of acquirement
 11254 | D:12     | Acquired a manual of Shapeshifting
 12035 | Lair:1   | Entered Level 1 of the Lair of Beasts
 12364 | Lair:1   | Reached skill level 18 in Axes
 12411 | Lair:1   | Reached skill level 1 in Shapeshifting
 12420 | Lair:1   | Reached skill level 1 in Dodging
 12467 | Lair:1   | Reached XP level 13. HP: 111/111 MP: 22/22
 12978 | Lair:2   | Reached skill level 10 in Fighting
 13273 | Lair:2   | Reached skill level 5 in Shapeshifting
 13372 | Lair:2   | Noticed Harold
 13387 | Lair:2   | Killed Harold
 13582 | Lair:2   | Found a staircase to the Snake Pit.
 14156 | Lair:3   | Found a staircase to the Swamp.
 14323 | Lair:3   | Reached ****** piety under Dithmenos
 14716 | Lair:4   | Reached skill level 5 in Dodging
 15097 | Lair:4   | Reached XP level 14. HP: 126/126 MP: 23/23
 15134 | Lair:4   | Found a staircase to the Slime Pits.
 15134 | Lair:4   | Found a viscous altar of Jiyva.
 15653 | Lair:5   | Entered Level 5 of the Lair of Beasts
 15819 | Lair:5   | Found a gate leading to a gauntlet.
 15837 | Gauntlet | Entered a Gauntlet
 15837 | Gauntlet | Found a transporter.
 15853 | Gauntlet | Found a transporter.
 15854 | Gauntlet | Found a transporter.
 15855 | Gauntlet | Found a transporter.
 15858 | Gauntlet | Found a runed translucent door.
 15860 | Gauntlet | Found a runed translucent door.
 15862 | Gauntlet | Found a transporter.
 15865 | Gauntlet | Found a transporter.
 15866 | Gauntlet | Found a transporter.
 15874 | Gauntlet | Found a transporter.
 15877 | Gauntlet | Found a transporter.
 15878 | Gauntlet | Found a transporter.
 15886 | Gauntlet | Found a transporter.
 15889 | Gauntlet | Found a transporter.
 15890 | Gauntlet | Found a transporter.
 15898 | Gauntlet | Found a transporter.
 16087 | Gauntlet | Reached skill level 10 in Armour
 16274 | Gauntlet | Acquired a +1 broad axe of venom
 16275 | Gauntlet | Acquired a +2 cloak of preservation
 16276 | Gauntlet | Acquired the ring "Tesass" {rF+ Int+2}
 16367 | Gauntlet | Identified the +3 leather armour of Virphues {rC+}
 17079 | Lair:5   | Reached skill level 10 in Shapeshifting
 17456 | Lair:5   | Reached XP level 15. HP: 138/138 MP: 24/24
 17734 | Lair:5   | Found a runed translucent door.
 18240 | D:5      | Bought a manual of Evocations for 960 gold pieces
 18346 | Orc:1    | Entered Level 1 of the Orcish Mines
 18482 | Orc:2    | Entered Level 2 of the Orcish Mines
 18637 | Orc:1    | Found a runed translucent gate.
 18647 | Orc:1    | Found a runed translucent gate.
 18647 | Orc:1    | Found an opulent altar of Gozag.
 18648 | Orc:1    | Found a runed translucent gate.
 18654 | Orc:1    | Noticed Shard1697's ghost (journeyman DrSh)
 18912 | Orc:2    | Found a staircase to the Elven Halls.
 18916 | Orc:2    | Found a roughly hewn altar of Beogh.
 18966 | Orc:2    | Noticed an orc warlord
 18998 | Orc:2    | Killed an orc warlord
 19102 | Orc:2    | Found a roughly hewn altar of Beogh.
 19172 | Orc:2    | Found Fubawn's Antique Weapon Shop.
 19178 | Orc:2    | Found Qoiwo's Book Shop.
 19212 | Orc:2    | Found Zeojoot's Antique Armour Shop.
 19250 | Orc:2    | Found Ludaopt's General Store.
 19257 | Orc:2    | Bought a potion of curing for 42 gold pieces
 19273 | Orc:2    | Bought a runed chain mail for 277 gold pieces
 20161 | D:13     | Reached skill level 15 in Fighting
 20372 | D:13     | Reached skill level 1 in Evocations
 20464 | D:13     | Found a runed translucent gate.
 20465 | D:13     | Found a runed translucent gate.
 20465 | D:13     | Noticed an acid blob
 20466 | D:13     | Noticed an azure jelly
 20467 | D:13     | Found a runed translucent gate.
 20467 | D:13     | Noticed an azure jelly
 20468 | D:13     | Noticed an azure jelly
 20468 | D:13     | Noticed bobarctor's ghost (journeyman TrBe)
 20468 | D:13     | Noticed an azure jelly
 20468 | D:13     | Noticed an azure jelly
 20469 | D:13     | Noticed a rockslime
 20469 | D:13     | Noticed an azure jelly
 20470 | D:13     | Noticed an acid blob
 20470 | D:13     | Noticed an acid blob
 20470 | D:13     | Noticed an azure jelly
 20470 | D:13     | Noticed an azure jelly
 20472 | D:13     | Found a viscous altar of Jiyva.
 20580 | D:13     | Reached skill level 5 in Evocations
 20823 | D:13     | Identified the +10 hand axe of Koteymiv {elec, *Noise
                  | Will+++ Str+9 Int-5}
 20939 | D:13     | Found a gate to the Vaults.
 20951 | D:13     | Reached XP level 16. HP: 143/149 MP: 25/25
 21025 | D:13     | Upgraded the game from 0.31-a0-355-g57cb03d3e8 to
                  | 0.31-a0-365-gcf821cafb2
 21691 | D:14     | Reached skill level 10 in Shields
 21851 | D:15     | Entered Level 15 of the Dungeon
 21959 | D:15     | Found a staircase to the Depths.
 22190 | D:15     | Found a glowing silver altar of Zin.
 22440 | D:15     | Reached skill level 10 in Evocations
 23241 | Swamp:1  | Entered Level 1 of the Swamp
 23538 | Swamp:1  | Identified the ring of Beogh, Flying {rF- rN+++ Will+
                  | Str+5}
 24961 | Swamp:1  | Reached skill level 1 in Throwing
 25124 | Swamp:2  | Noticed a tentacled monstrosity
 25359 | Swamp:2  | Killed a tentacled monstrosity
 25360 | Swamp:2  | Reached XP level 17. HP: 132/156 MP: 26/26
 25697 | Swamp:2  | Noticed Kirke
 25713 | Swamp:2  | Killed Kirke
 25742 | Swamp:2  | Found a snail-covered altar of Cheibriados.
 25744 | Swamp:2  | Identified the +6 morningstar "Ohiudim" {heavy, Int+2}
 25800 | Swamp:2  | Noticed Louise
 25833 | Swamp:2  | Killed Louise
 26539 | Swamp:3  | Noticed a tentacled monstrosity
 26546 | Swamp:3  | HP: 3/156 [spriggan druid/stone arrow (25)]
 26905 | Swamp:3  | Reached skill level 15 in Armour
 27015 | Swamp:3  | Killed a tentacled monstrosity
 27433 | Swamp:3  | Paralysed by a hornet for 3 turns
 27783 | Swamp:4  | Entered Level 4 of the Swamp
 27932 | Swamp:4  | Noticed Bai Suzhen
 27937 | Swamp:4  | Noticed a tentacled monstrosity
 27942 | Swamp:4  | Reached skill level 5 in Throwing
 27977 | Swamp:4  | Killed a tentacled monstrosity
 27980 | Swamp:4  | HP: 5/156 [Bai Suzhen] (27)]
 27981 | Swamp:4  | Slain by Bai Suzhen

Illustrated notes

Levels and vault maps discovered:
D:1:      lemuel_arrival_rhombus, layout_basic, kennysheep_small_spiral,
          dreamdust_mushroom_princess
D:2:      minmay_recursive_quarters, layout_loops_ring, basic_altar, hex_tiny,
          eino_tiny_chamber, minmay_misc_feat_rugged, st_stairs_14,
          minmay_lizard_pond, uniq_jessica
D:3:      layout_loops_ring, amcnicky_altar_gilded,
          lemuel_coloured_pillars_altar, gup_sewer_entry_bubbles, uniq_grinder
D:4:      layout_basic, fiery_altar_vehumet, fedhas_altar_4, uniq_eustachio
D:5:      gammafunk_steamed_eel, layout_basic, nicolae_overflow_hidden_temple,
          minmay_holes, nicolae_shop_vocational
D:6:      layout_loops_ring, mainiacjoe_overflow_cross_hatched
D:7:      layout_basic, kennysheep_mini_moat, temple_hall,
          biasface_ghost_orc_armoury, serial_curves, eino_curves_02,
          eino_curves_02, nicolae_fountain_basement
D:8:      layout_basic, nicolae_wu_jian_immortal_techniques,
          hellmonk_lair_entry_icy, chequers_serial_rivers_large_a, uniq_psyche
D:9:      layout_cave_pools, nicolae_overflow_crystal_walls,
          chequers_serial_rivers_micro_d, nzn_random_ring
D:10:     layout_big_octagon, nicolae_overflow_macrodata_refinement,
          orc_0_dummy, solitary_fountain, hangedman_decor_points, uniq_fannar
D:11:     layout_loops_corners
D:12:     layout_basic, tgw_xom
D:13:     minmay_the_grid_3x3 [minmay_the_grid_stretched_grid,
          minmay_the_grid_paths, minmay_the_grid_fan, minmay_the_grid_slots,
          minmay_the_grid_broken_lines, minmay_the_grid_expand,
          minmay_the_grid_minigrid_large, minmay_the_grid_eight,
          minmay_the_grid_prize_four_corners], layout_cave_pools, erik_vaults_1,
          gammafunk_ghost_ooze, beargit_elvish_explorers
D:14:     layout_gridville, nicolae_figureground_pulse
D:15:     gammafunk_depths_entry_grave, layout_long_grid, zin_angel
Lair:1:   layout_regular_city, beast_lair_carwin_4
Lair:2:   layout_long_grid, minmay_snake_entry_guardpost_small,
          dreamdust_gnoll_shepherd, grunt_megastairs_5,
          infiniplex_staircase_pool_2, serial_bayou_shore_b, uniq_harold
Lair:3:   layout_big_grid, skrybe_swamp_entry_bodies, small_statue_intersection,
          serial_bayou_pond_b
Lair:4:   layout_regular_city, slime_entry_1
Lair:5:   guppyfry_lair_end_dragon, layout_cave_pods, wormcave,
          gauntlet_entry_generic, grunt_megastairs_3
Swamp:1:  nicolae_swamp_flooded_prison, layout_basic_swamp,
          hangedman_swamp_ruin_wall, swamp_pool2
Swamp:2:  layout_basic_swamp, evilmike_swamp_ruin_house_1, swamp_pool1,
          lemuel_altar_in_water, uniq_louise, uniq_kirke
Swamp:3:  nzn_winding_woodlands_small
          [nzn_winding_woodlands_5x15_river_crossing,
          nzn_winding_woodlands_center_diamonds,
          nzn_winding_woodlands_5x15_pool], layout_basic_swamp,
          nicolae_swamp_triple_paths, swamp_pool2
Swamp:4:  swamp_vile, layout_basic_swamp, uniq_bai_suzhen
Orc:1:    cheibrodos_orc_guarddog, layout_caves, ebering_ghost_gozag
Orc:2:    grunt_orc_cross, layout_diamond_mine, minmay_orc_temple_a

Skill      XL: |  1  2  3  4  5  6  7  8  9 10 11 12 13 14 15 16 17 |
---------------+----------------------------------------------------+-----
Axes           | 3 4 6 7 9 11 13 16 18 | 18.0
Fighting       | 4 5 6 7 8 9 12 14 15 | 15.1
Shields        | 4 5 6 7 8 9 11 12 | 12.4
Invocations    | 1 2 3 4 6 7 9 11 12 13 | 13.0
Armour         | 4 6 9 11 13 14 15 | 15.2
Shapeshifting  | 2 7 10 11 | 11.0
Dodging        | 1 5 |  5.0
Evocations     | 6 12 13 | 13.4
Throwing       | 2 5 |  5.2

Action                     |  1- 3 |  4- 6 |  7- 9 | 10-12 | 13-15 | 16-18 || total
---------------------------+-------+-------+-------+-------+-------+-------++-------
  Melee: War axe           |    66 |   186 |   346 |   600 |   479 |       ||  1677
         Flail             |       |       |       |       |   107 |    58 ||   165
         Broad axe         |       |       |       |       |   670 |   714 ||  1384
         Unarmed           |       |       |       |       |       |     4 ||     4
   Fire: Sling             |       |       |     2 |     8 |       |       ||    10
  Throw: Dart              |       |       |     3 |     7 |     3 |       ||    13
         Javelin           |       |       |       |       |     9 |     3 ||    12
 Invoke: Shadow Step       |       |       |     1 |       |       |       ||     1
  Evoke: Wand              |       |       |     3 |     5 |     3 |    10 ||    21
         Phantom mirror    |       |       |       |       |       |     2 ||     2
    Use: Potion            |       |     1 |     1 |       |     1 |     6 ||     9
         Scroll            |       |       |    19 |    11 |     7 |     8 ||    45
   Stab: Distracted        |       |       |       |     1 |     1 |     2 ||     4
 Armour: Scale mail        |    30 |    61 |    47 |       |       |       ||   138
         Plate armour      |       |       |    79 |   231 |   766 |   544 ||  1620
  Dodge: Dodged            |    39 |   129 |   213 |   258 |   399 |   265 ||  1303
  Block: Buckler           |    21 |    40 |    79 |   101 |   131 |       ||   372
         Kite shield       |       |       |       |       |   295 |   503 ||   798
         Reflection        |       |       |       |       |       |    10 ||    10

Table legend: (Time is in decaauts)
 A = Elapsed time spent in this place.
 B = Non-inter-level travel time spent in this place.
 C = Inter-level travel time spent in this place.
 D = Time resting spent in this place.
 E = Time spent auto-exploring this place.
 F = Levels seen in this place.
 G = Mean time per level.
                   A        B        C        D        E       F      G
               +--------+--------+--------+--------+--------+-----+--------+
         Total |  27892 |  24888 |   3004 |   3261 |  14696 |  28 |  996.1 |
       Dungeon |  15500 |  13660 |   1840 |   1824 |   8544 |  15 | 1033.3 |
          Lair |   5497 |   4780 |    717 |    266 |   3121 |   5 | 1099.4 |
         Swamp |   4375 |   4057 |    318 |   1087 |   1808 |   4 | 1093.8 |
  Orcish Mines |   1461 |   1334 |    127 |     80 |    953 |   2 |  730.5 |
         Sewer |    443 |    443 |      0 |      0 |    157 |   1 |  443.0 |
      Gauntlet |    612 |    612 |      0 |      2 |    111 |   1 |  612.0 |
               +--------+--------+--------+--------+--------+-----+--------+

Top non-repeatable levels by time:
     D:9: 1740 daAuts
  Lair:5: 1670 daAuts
 Swamp:1: 1514 daAuts
 Swamp:3: 1507 daAuts
 Swamp:2: 1308 daAuts
     D:7: 1147 daAuts
    D:13: 1143 daAuts
     D:6: 1132 daAuts
     D:8: 1123 daAuts
    D:15: 1108 daAuts
     D:5: 1084 daAuts
  Lair:4: 1059 daAuts
    D:11: 1053 daAuts
  Lair:2: 1052 daAuts
   Orc:2: 1004 daAuts
